 Dungeon Crawl Stone Soup version 0.31-a0-699-g830162fb6c (webtiles) character file.

Game seed: 6031408960079209752

179 qw the Shooter (level 5, -7/32 HPs)
             Began as a Gargoyle Hunter on Sept 7, 2023.
             Killed from afar by an orc wizard (12 damage)
             ... with a puff of flame
             ... on level 3 of the Dungeon.
             The game lasted 00:00:50 (2133 turns).

qw the Shooter (Gargoyle Hunter)                    Turns: 2133, Time: 00:00:51

Health: -7/32      AC:  0    Str: 14    XL:     5   Next: 59%
Magic:  5/5        EV: 19    Int: 10    God:
Gold:   140        SH:  0    Dex: 20    Spells: 4/4 levels left

rFire   . . .        Y - melded +0 shortbow
rCold   . . .        (shield currently unavailable)
rNeg    + . .        c - melded +0 leather armour
rPois   inf          (helmet currently unavailable)
rElec   .            (cloak currently unavailable)
rCorr   .            (gloves currently unavailable)
SInv    .            g - melded +0 pair of boots
Will    .....        (no amulet)
Stlth   +            (ring currently unavailable)
HPRegen 0.25/turn    (ring currently unavailable)
MPRegen 0.09/turn

%: no passive effects
@: confused, bat-form, flying, very quick
A: fast, flying, no casting, sickness immunity, AC +4, tiny, negative energy
resistance 1, (electricity resistance), torment resistance 1, petrification
resistance
a: no special abilities


You were on level 3 of the Dungeon.
You were a bat.
You visited 1 branch of the dungeon, and saw 3 of its levels.

You collected 140 gold pieces.


Innate Abilities, Weirdness & Mutations

You are a bat.
You are tiny and dextrous.
You move quickly.
You are flying.
Your equipment is almost entirely melded.
You are incapable of wielding weapons or throwing items.
You cannot cast spells.
You are immune to sickness and miasma.
((Your stone body is resilient. (AC +4)))
You are immune to poison.
You resist negative energy. (rN+)
((You are resistant to electric shocks. (rElec)))
You are resistant to unholy torment.
You are immune to petrification.


   Skills:
 - Level 3.2 Fighting
 - Level 6.0 Ranged Weapons
 - Level 1.5 Armour
 + Level 1.5 Dodging
 - Level 1.1 Stealth


You had 4 spell levels left.
You didn't know any spells.
Your spell library was empty.

Inventory:

Hand Weapons
 Y - a +0 shortbow (melded)
Armour
 c - a +0 leather armour (melded)
 g - a +0 pair of boots (melded)
Scrolls
 e - a scroll of identify
 h - a scroll of fear {unknown}
Potions
 a - a potion of might {unknown}
 b - a potion of curing {unknown}
 d - a potion of cancellation {unknown}
 f - 3 potions of mutation {unknown}
 i - a potion of heal wounds {unknown}

Dungeon Overview and Level Annotations

Branches:
Dungeon (3/15)

Altars:
Nemelex Xobeh
Wu Jian
Zin


Message History

The orc wizard is heavily wounded.
You shoot an arrow. The arrow hits the orc!
You kill the orc!
You shoot an arrow. The arrow hits the orc wizard.
The orc wizard is heavily wounded.
You hear a shout!
The orc wizard hits you but does no damage.
You shoot an arrow. The arrow hits the orc wizard!
The orc wizard is almost dead.
The orc wizard misses you.
You shoot an arrow.
The arrow closely misses the orc wizard.
An orc comes into view.
It is wielding a +0 short sword and carrying a wand of polymorph.
The orc wizard gestures at you while chanting.
The puff of flame hits you.
The orc wizard hits you but does no damage.
You shoot an arrow.
The arrow hits the orc wizard but does no damage.
The orc wizard is almost dead.
The orc wizard casts a spell at you. You resist with some effort.
You shoot an arrow. The arrow barely misses the orc wizard.
The orc wizard casts a spell at you.
You are confused.
The orc hits you but does no damage.
The orc wizard hits you with a +0 dagger.
The orc hits you but does no damage.
The orc zaps a wand.
You turn into a bat.
Your +0 shortbow melds into your body.
Your +0 pair of boots melds into your body.
Your +0 leather armour melds into your body.
The orc wizard closely misses you. The orc hits you with a +0 short sword.
The orc wizard gestures at you while chanting.
You are more confused.
The orc barely misses you. The orc wizard closely misses you.
The orc wizard hits you with a +0 dagger.
The orc barely misses you. The orc wizard casts a spell at you.
The puff of flame hits you!
You die...

..').'.._..+..'.##.#
..#..#.....#..#....#
..#..#+###+#..####.#
..#..# #..#..#.#
..+##+ +##+..#.# ..#
#.#.# ..# ##...# ###
+##+###o.#.# #
.......ob#.# ..
.......#)#.# ##
.......#.#.#
#####.##.#.# >.
#.#.# #.# #.#.# #o
#.# #o #.#


You could see an orc wizard and an orc.

Vanquished Creatures
  An orc priest (D:3)
  Jessica (D:3)
  6 adders
  A worm (D:2)
  3 dart slugs
  3 orcs (D:3)
  10 endoplasms
  2 giant cockroaches
  4 goblins
  2 hobgoblins
  9 jackals
  3 kobolds
  6 ball pythons
  4 bats
  A frilled lizard (D:1)
  3 rats
59 creatures vanquished.

Notes
Turn   | Place    | Note
-------+----------+-------------------------------------------
     0 | D:1      | qw the Gargoyle Hunter began the quest for the Orb.
     0 | D:1      | Reached XP level 1. HP: 12/12 MP: 1/1
     0 | D:1      | 0 ||| qw: Version: 0.3-a-76-g4403597
     0 | D:1      | 0 ||| qw: Game counter: 413
     0 | D:1      | 0 ||| qw: Melee chars always use a shield: true
     0 | D:1      | 0 ||| qw: God list: Okawaru
     0 | D:1      | 0 ||| qw: Allow faded altars: false
     0 | D:1      | 0 ||| qw: Do Orc after clearing Dungeon:15 true
     0 | D:1      | 0 ||| qw: Do second Lair branch before Depths: true
     0 | D:1      | 0 ||| qw: Lair rune preference: random
     0 | D:1      | 0 ||| qw: Goals: Normal
     0 | D:1      | 0 ||| PLANNING D:1-11
   209 | D:1      | Reached XP level 2. HP: 17/17 MP: 2/2
   442 | D:1      | Found a faded altar of an unknown god.
   482 | D:1      | Reached XP level 3. HP: 21/21 MP: 3/3
   563 | D:1      | Reached skill level 5 in Ranged Weapons
   851 | D:1      | 851 ||| UPGRADING to +0 pair of boots.
   856 | D:1      | 856 ||| READING scroll labelled DAQEJI QERPHUREO.
   857 | D:1      | 857 ||| READING 2 scrolls labelled PYDWECZEJA.
   858 | D:1      | 858 ||| READING scroll labelled MYTOUD ZAEGRI.
   859 | D:1      | 859 ||| DROPPING scroll of butterflies.
  1087 | D:2      | Reached skill level 3 in Fighting
  1196 | D:2      | Found a glowing silver altar of Zin.
  1229 | D:2      | Reached XP level 4. HP: 28/28 MP: 4/4
  1597 | D:3      | Found a sparkling altar of Nemelex Xobeh.
  1881 | D:3      | Found an ornate altar of the Wu Jian Council.
  1892 | D:3      | Reached XP level 5. HP: 28/32 MP: 5/5
  1912 | D:3      | Noticed Jessica
  1918 | D:3      | Killed Jessica
  1919 | D:3      | Reached skill level 6 in Ranged Weapons
  2094 | D:3      | 2094 ||| Stepping ~*~*~tactically~*~*~ (outnumbered).
  2096 | D:3      | 2096 ||| Stepping ~*~*~tactically~*~*~ (outnumbered).
  2103 | D:3      | Reached skill level 1 in Armour
  2130 | D:3      | HP: 6/32 [orc/+0 short sword (6)]
  2133 | D:3      | Killed from afar by an orc wizard

Levels and vault maps discovered:
D:1:      sevenhm_arrival_forest_fort_large_2, layout_loops_cross,
          hellmonk_ecumenical_altar_zigzags, minmay_tetromino_t4
D:2:      layout_basic, basic_altar, minmay_box_of_dots
D:3:      minmay_diamond_boxcup, layout_basic, mainiacjoe_overflow_24_doors,
          nemelex_dance_club_becter, grunt_decor_resistance, uniq_jessica

Skill      XL: |  1  2  3  4  5 |
---------------+----------------+-----
Ranged Weapons | 5 6 |  6.0
Fighting       | 3 |  3.2
Armour         | 1 |  1.5
Dodging        | |  1.5
Stealth        | |  1.1

Action                     |  1- 3 |  4- 6 || total
---------------------------+-------+-------++-------
   Fire: Shortbow          |   102 |   127 ||   229
    Use: Scroll            |     3 |       ||     3
 Armour: Leather armour    |    24 |    56 ||    80
         Skin              |       |     3 ||     3
  Dodge: Dodged            |    14 |    41 ||    55

Table legend:
 A = Non-vault XP
 B = Vault XP
 C = Vault XP percentage of total XP
 D = Non-vault monster count
 E = Vault monster count
 F = Vault count percentage of total count
                 A         B        C        D         E       F
            +---------+---------+-------+---------+---------+-------
      Total |     200 |      56 |  21.9 |      50 |       9 |  15.3
            +---------+---------+-------+---------+---------+-------
        D:1 |      40 |       6 |  13.0 |      21 |       3 |  12.5
        D:2 |      49 |       8 |  14.0 |      14 |       3 |  17.6
        D:3 |     111 |      42 |  27.5 |      15 |       3 |  16.7
            +---------+---------+-------+---------+---------+-------
